 Dungeon Crawl Stone Soup version 0.30-b1-2-g02819fbbbe (webtiles) character file.

Game seed: 7443253352875871254

590 decrepitude the Cudgeller (level 7, -2/66 HPs)
             Began as an Ogre Warper on May 19, 2023.
             Was a Priest of Makhleb.
             Slain by a centaur
             ... wielding a +3 flail
              (13 damage)
             ... on level 5 of the Dungeon.
             The game lasted 00:09:00 (4916 turns).

decrepitude the Cudgeller (Ogre Warper)             Turns: 4916, Time: 00:09:01

Health: -2/66      AC:  4    Str: 24    XL:     7   Next: 38%
Magic:  11/13      EV:  9    Int: 20    God:    Makhleb [***...]
Gold:   255        SH:  0    Dex:  8    Spells: 3/14 levels left

rFire   . . .        a - +1 mace (flame)
rCold   . . .        (no shield)
rNeg    . . .        b - +1 robe
rPois   .            (helmet restricted)
rElec   .            (no cloak)
rCorr   .            (gloves unavailable)
SInv    .            (boots unavailable)
Will    .....        q - amulet of the acrobat
Stlth   +            l - +6 ring of strength
HPRegen 0.31/turn    u - +6 ring of intelligence
MPRegen 0.13/turn

%: acrobat
@: no status effects
A: large, unfitting armour, tough skin 1
a: Renounce Religion, Minor Destruction, Lesser Servant of Makhleb


You were on level 5 of the Dungeon.
You worshipped Makhleb.
Makhleb was most pleased with you.
You visited 1 branch of the dungeon, and saw 5 of its levels.
You also visited: Sewer.

You collected 255 gold pieces.

Inventory:

Hand Weapons
 a - a +1 mace of flaming (weapon)
Missiles
 d - 7 boomerangs of dispersal (quivered)
 g - 3 atropa-tipped darts
 h - 7 boomerangs
Armour
 b - a +1 robe (worn)
Jewellery
 l - a +6 ring of strength (left hand)
 q - an amulet of the acrobat (around neck)
 u - a +6 ring of intelligence (right hand)
Wands
 v - a wand of roots (6)
Scrolls
 c - 2 scrolls of blinking
 e - 3 scrolls of fog
 k - 3 scrolls of enchant armour
Potions
 f - a potion of resistance
 i - a potion of magic {unknown}
 j - a potion of degeneration {unknown}
 m - 4 potions of brilliance
 n - a potion of haste
 o - 2 potions of heal wounds {unknown}
 p - a potion of curing
 r - a potion of invisibility {unknown}
 x - a potion of might {unknown}


   Skills:
 - Level 2.6 Fighting
 - Level 6.0 Maces & Flails
 - Level 2.0 Throwing
 - Level 2.1 Dodging
 + Level 4.0 Spellcasting
 + Level 3.0 Translocations
 + Level 0.3 Air Magic
 - Level 2.0 Invocations


You had 3 spell levels left.
You knew the following spells:

 Your Spells              Type           Power      Damage    Failure   Level
a - Blink                 Tloc           32%        N/A       5%          2
b - Lesser Beckoning      Tloc           32%        N/A       5%          2
c - Vhi's Electric Charg  Tloc/Air       20%        N/A       19%         3
d - Manifold Assault      Tloc           16%        N/A       36%         4

Your spell library contained the following spells:

 Spells                   Type           Power      Damage    Failure   Level
 Teleport Other           Tloc           16%        N/A       11%         3
 Slow                     Hex            16%        N/A       13%         1
 Confusing Touch          Hex            4%         N/A       36%         3
 Vampiric Draining        Necr           4%         2d6       36%         3


Dungeon Overview and Level Annotations

Branches:
Dungeon (5/15) Zot: 25267  Temple (0/1) D:4           Sewer (visited)

Altars:
Elyvilon
Fedhas
Gozag
Hepliaklqana
Makhleb
Qazlal
Uskayaw


Innate Abilities, Weirdness & Mutations

You are too large for most types of armour.
You have tough skin. (AC +1)


Message History

* * * LOW HITPOINT WARNING * * *
The centaur kicks you but does no damage.
The centaur hits you with a +3 flail!
* * * LOW HITPOINT WARNING * * *
The centaur barely misses you.
You take 16 damage, and have 20/66 hp.
NOW THAT'S A LOTTA DAMAGE!!
You barely miss the centaur.
The centaur is moderately wounded.
The centaur hits you but does no damage.
The centaur kicks you but does no damage.
Unknown command.
You hit the centaur. You burn the centaur.
The centaur is moderately wounded.
The centaur hits you with a +3 flail!
* * * LOW HITPOINT WARNING * * *
The centaur closely misses you. The centaur hits you with a +3 flail.
* * * LOW HITPOINT WARNING * * *
The centaur kicks you but does no damage.
You take 14 damage, and have 6/66 hp.
NOW THAT'S A LOTTA DAMAGE!!
You feel better. The centaur hits you with a +3 flail.
* * * LOW HITPOINT WARNING * * *
The centaur kicks you but does no damage.
The centaur hits you with a +3 flail.
* * * LOW HITPOINT WARNING * * *
The centaur kicks you but does no damage.
You take 3 damage, and have 3/66 hp.
Unknown command.
Press: ? - help, v - describe, . - travel
Here: a centaur, wielding a +3 flail (moderately wounded)
The floor.
Unknown command.
Unknown command.
Okay, then.
Unknown command.
Casting: Lesser Beckoning (safe; 5% risk of failure)
Confirm with . or Enter, or press ? or * to list all spells.
Okay, then.
Unknown command.
You feel better. The centaur hits you with a +3 flail!
You die...

##..##.........
##..###.....##......#
###....#....###
......# ...........##
.....# ####.......#
.....## .####.....##
......# ..####....#
......# ...###....#
##c...... ....# #..##
##@.....# ....#
#...#####......##
....###.......).....##
...................##
........####.......#
#####...# ##.....##
##..# ......# #....
.......#
##.....##....#


You could see a centaur.

Vanquished Creatures
  Pargi (Sewer)
  A scorpion (D:4)
  An orc priest (D:4)
  4 orc wizards
  2 gnolls
  5 adders
  A shadow imp (D:5)
  4 dart slugs
  14 orcs
  9 ball pythons
  10 bats
  4 endoplasms
  7 giant cockroaches
  5 goblins
  4 hobgoblins
  10 jackals
  7 quokkas
  9 frilled lizards
  4 kobolds
  6 rats
108 creatures vanquished.

Vanquished Creatures (collateral kills)
  A water moccasin (D:4)
1 creature vanquished.

Vanquished Creatures (others)
  5 plants (D:3)
  21 withered plants (D:5)
26 creatures vanquished.

Grand Total: 135 creatures vanquished

Notes
Turn   | Place    | Note
-------+----------+-------------------------------------------
     0 | D:1      | decrepitude the Ogre Warper began the quest for the Orb.
     0 | D:1      | Reached XP level 1. HP: 22/22 MP: 3/3
   146 | D:1      | Reached skill level 2 in Maces & Flails
   271 | D:1      | Reached XP level 2. HP: 25/29 MP: 5/5
   381 | D:1      | Found a faded altar of an unknown god.
   624 | D:1      | Prayed at the altar of an unknown god.
   624 | D:1      | Became a worshipper of Makhleb the Destroyer
   624 | D:1      | Reached * piety under Makhleb
   927 | D:1      | Reached XP level 3. HP: 35/36 MP: 6/6
  1304 | D:2      | Reached ** piety under Makhleb
  1391 | D:2      | Reached skill level 3 in Maces & Flails
  1491 | D:2      | Learned a level 2 spell: Blink
  1494 | D:2      | Learned a level 2 spell: Lesser Beckoning
  1783 | D:3      | Reached XP level 4. HP: 42/44 MP: 7/7
  2568 | D:4      | Reached skill level 4 in Maces & Flails
  2768 | D:4      | Reached skill level 1 in Invocations
  2768 | D:4      | Reached XP level 5. HP: 38/50 MP: 6/8
  3284 | D:4      | Learned a level 3 spell: Vhi's Electric Charge
  3292 | D:4      | Found a staircase to the Ecumenical Temple.
  3402 | D:4      | Reached XP level 6. HP: 48/59 MP: 10/10
  3816 | D:4      | Noticed a water moccasin
  3856 | D:4      | Reached *** piety under Makhleb
  3927 | D:4      | Learned a level 4 spell: Manifold Assault
  3961 | D:4      | Found a hide-covered altar of Uskayaw.
  3961 | D:4      | Found a stormy altar of Qazlal.
  3961 | D:4      | Found a hazy altar of Hepliaklqana.
  3961 | D:4      | Found an opulent altar of Gozag.
  3969 | D:4      | Found a white marble altar of Elyvilon.
  3978 | D:4      | Killed a water moccasin
  3979 | D:4      | Reached skill level 5 in Maces & Flails
  3988 | D:4      | Found a blossoming altar of Fedhas.
  4166 | D:5      | Entered Level 5 of the Dungeon
  4286 | D:4      | Reached XP level 7. HP: 66/66 MP: 13/13
  4340 | D:5      | Found a glowing drain.
  4352 | Sewer    | Entered a sewer
  4375 | Sewer    | Noticed Pargi
  4387 | Sewer    | Killed Pargi
  4654 | D:5      | Reached skill level 6 in Maces & Flails
  4915 | D:5      | HP: 3/66 [centaur/+3 flail (6)]
  4916 | D:5      | Slain by a centaur

Illustrated notes

Levels and vault maps discovered:
D:1:      co_arrival_random_square_maze, layout_loops_ring,
          dreamdust_ecumenical_altar_grove
D:2:      layout_rooms, kennysheep_generic_room_12
D:3:      cheibrodos_old_hovel, layout_loops_ring
D:4:      layout_loops_cross, minmay_overflow_temple_hex,
          minmay_temple_entry_sparse_star, kennysheep_generic_room_15
D:5:      layout_layer_cave, okawaru_altar_gauntlet_db, gup_sewer_entry_pipe,
          dilly_guarded_unrand_morg, uniq_crazy_yiuf_cottage, uniq_grinder

Skill      XL: |  1  2  3  4  5  6  7 |
---------------+----------------------+-----
Maces & Flails | 2 3 4 5 6 |  6.0
Throwing       | 2 |  2.0
Invocations    | 1 2 |  2.0
Translocations | 3 |  3.0
Spellcasting   | 3 4 |  4.0
Fighting       | |  2.6
Dodging        | |  2.1
Air Magic      | |  0.3

Action                     |  1- 3 |  4- 6 |  7- 9 || total
---------------------------+-------+-------+-------++-------
  Melee: Mace              |   143 |   188 |    50 ||   381
         Punch             |     1 |       |       ||     1
  Throw: Dart              |       |     4 |       ||     4
   Cast: Blink             |       |     2 |       ||     2
         Lesser Beckoning  |       |     3 |     1 ||     4
 Invoke: Minor Destruction |       |    13 |     6 ||    19
         Lesser Servant of |       |     1 |       ||     1
    Use: Scroll            |       |    11 |       ||    11
         Potion            |       |     1 |     2 ||     3
   Stab: Invisible         |       |     1 |       ||     1
 Armour: Robe              |    57 |    47 |    33 ||   137
  Dodge: Dodged            |    79 |   109 |    33 ||   221
